 Dungeon Crawl Stone Soup version 0.31-a0-765-g67fe2935dc (webtiles) character file.

Game seed: 178220739668102256

198418 Bravepunisher the Spry (level 18, -2/105 HPs)
             Began as a Spriggan Monk on Sept 14, 2023.
             Was the Champion of Makhleb.
             Killed from afar by Nikola (47 damage)
             ... with an arc of chain lightning
             ... on level 2 of the Swamp on Sept 15, 2023.
             The game lasted 03:12:27 (34666 turns).

Bravepunisher the Spry (Spriggan Monk)             Turns: 34666, Time: 03:12:28

Health: -2/105     AC: 24    Str: 13    XL:     18   Next: 21%
Magic:  0/32       EV: 26    Int: 12    God:    Makhleb [******]
Gold:   1823       SH: 17    Dex: 31    Spells: 17/17 levels left

rFire   . . .        D - +9 war axe (freeze)
rCold   + . .        B - +2 buckler
rNeg    . . .        b - +2 storm dragon scales {Bai Suzhen}
rPois   .            K - +2 hat {SInv}
rElec   +            R - +2 cloak {Stlth+}
rCorr   .            (gloves unavailable)
SInv    +            (boots unavailable)
Will    +++..        E - brooch of Shielding {Spirit SH+8} Stlth
                     y - +6 ring of dexterity
HPRegen 0.37/turn    I - +6 ring of strength
MPRegen 0.23/turn

%: guardian spirit
@: studying Poison Magic, very quick
A: very small, no large weapons, unfitting armour, see invisible, speed 3, claws
1, iridescent scales 2, cold resistance 1
a: Renounce Religion, Minor Destruction, Lesser Servant of Makhleb, Major
Destruction, Greater Servant of Makhleb


You were on level 2 of the Swamp.
You worshipped Makhleb.
Makhleb was exalted by your worship.
You visited 8 branches of the dungeon, and saw 30 of its levels.
You visited the Abyss 3 times.
You visited 1 bazaar.
You also visited: Sewer and Bailey.

You collected 3841 gold pieces.
You spent 2018 gold pieces at shops.

Inventory:

Hand Weapons
 x - the +11 short sword of Losufesk {flame, rPois Str+7 Stlth-}
   (You bought it in a shop in a bazaar)

   Str+7:     It affects your strength (+7).
   rPois:     It protects you from poison Stlth-: It makes you less stealthy.
 D - a +9 war axe of freezing (weapon)
Missiles
 r - 2 throwing nets
Armour
 b - +2 storm dragon scales (worn) {Bai Suzhen}
 d - an orb of light
 B - a +2 buckler (worn)
 J - a scarf of resistance
 K - a +2 hat of see invisible (worn)
 R - a +2 cloak of stealth (worn)
Jewellery
 k - the ring of Kezuhail {rPois Will++ Int-5}
   (You found it on level 11 of the Dungeon)

   [ring of poison resistance]

   Int-5:     It affects your intelligence (-5).
   rPois:     It protects you from poison Will++: It greatly increases your
   willpower.
 y - a +6 ring of dexterity (left claw)
 E - the brooch of Shielding (around neck) {Spirit SH+8}
   (You found it on level 7 of the Dungeon)

   [amulet of guardian spirit]

   Spirit:    It causes incoming damage to be divided between your reserves of
   health and magic.
   SH+8:      It affects your SH (+8).
 I - a +6 ring of strength (right claw)
Wands
 f - a wand of flame (38)
 g - a wand of roots (31)
 h - a wand of digging (2)
 i - a wand of charming (23)
 v - a wand of polymorph (8)
 N - a wand of mindburst (3)
 Q - a wand of acid (5)
Scrolls
 c - a scroll of revelation
 e - 3 scrolls of fog
 j - a scroll of enchant weapon
 n - 4 scrolls of immolation
 o - 6 scrolls of teleportation
 p - 8 scrolls of identify
 C - 2 scrolls of fear
 T - 5 scrolls of blinking
Potions
 a - a potion of lignification
 l - 4 potions of haste
 m - 8 potions of mutation
 q - 3 potions of enlightenment
 s - 2 potions of brilliance
 t - 2 potions of attraction
 u - 7 potions of cancellation
 w - 9 potions of curing
 z - 2 potions of invisibility
 A - a potion of resistance
 F - 2 potions of ambrosia
 H - 2 potions of might
 S - a potion of magic


   Skills:
 * Level 15.7 Fighting
 - Level 6.8 Short Blades
 + Level 12.2 Axes
 - Level 6.6 Armour
 + Level 19.4 Dodging
 - Level 4.2 Shields
 + Level 18.9 Invocations


You had 17 spell levels left.
You didn't know any spells.
Your spell library contained the following spells:

 Spells                   Type           Power      Damage    Failure   Level
 Apportation              Tloc           0%         N/A       100%        1
 Freeze                   Ice            0%         1d3       100%        1
 Kiss of Death            Conj/Necr      0%         2d5       100%        1
 Magic Dart               Conj           0%         1d3       100%        1
 Necrotise                Necr           0%         1d4       100%        1
 Sting                    Tmut/Pois      0%         1d3       100%        1
 Summon Small Mammal      Summ           0%         N/A       100%        1
 Call Imp                 Summ           0%         N/A       100%        2
 Poisonous Vapours        Pois/Air       0%         N/A       100%        2
 Scorch                   Fire           0%         2d5       100%        2
 Confusing Touch          Hex            0%         N/A       100%        3
 Dazzling Flash           Conj/Hex       0%         N/A       100%        3
 Mephitic Cloud           Conj/Pois/Air  0%         N/A       100%        3
 Teleport Other           Tloc           0%         N/A       100%        3
 Tukima's Dance           Hex            0%         N/A       100%        3
 Volatile Blastmotes      Fire/Tloc      0%         2d10      100%        3
 Animate Dead             Necr           0%         N/A       100%        4
 Dimensional Bullseye     Hex/Tloc       0%         N/A       100%        4
 Dispel Undead            Necr           0%         3d6       100%        4
 Flame Wave               Conj/Fire      0%         2d4       100%        4
 Iskenderun's Mystic Bla  Conj/Tloc      0%         2d3       100%        4
 Manifold Assault         Tloc           0%         N/A       100%        4
 Olgreb's Toxic Radiance  Pois           0%         N/A       100%        4
 Borgnjor's Vile Clutch   Necr/Erth      0%         N/A       100%        5
 Freezing Cloud           Conj/Ice/Air   0%         6-21      100%        5
 Summon Forest            Summ/Tloc      0%         N/A       100%        5
 Summon Mana Viper        Hex/Summ       0%         N/A       100%        5
 Conjure Ball Lightning   Conj/Air       0%         3x3d6     100%        6
 Death Channel            Necr           0%         N/A       100%        6
 Dispersal                Tloc           0%         N/A       100%        6
 Starburst                Conj/Fire      0%         6d3       100%        6
 Summon Cactus Giant      Summ           0%         N/A       100%        6
 Haunt                    Necr/Summ      0%         N/A       100%        7
 Discord                  Hex            0%         N/A       100%        8
 Disjunction              Tloc           0%         N/A       100%        8
 Infestation              Necr           0%         N/A       100%        8
 Maxwell's Capacitive Co  Air            0%         ∞         100%        8
 Chain Lightning          Conj/Air       0%         N/A       100%        9
 Fire Storm               Conj/Fire      0%         5d1       100%        9
 Polar Vortex             Ice            0%         N/A       100%        9
 Shatter                  Erth           0%         3d5*      100%        9


Dungeon Overview and Level Annotations

Branches:
Dungeon (15/15)            Temple (1/1) D:4            Lair (5/5) D:10
  Swamp (2/4) Lair:3        Snake (1/4) Lair:2        Slime (0/5) Lair:4
    Orc (2/2) D:11            Elf (3/3) Orc:2        Vaults (0/5) D:14
 Depths (1/4) D:15          Sewer (visited)          Bailey (visited)

Altars:
Ashenzari
Cheibriados
Dithmenos
Elyvilon
Fedhas
Gozag
Hepliaklqana
Kikubaaqudgha
Makhleb
Nemelex Xobeh
Okawaru
Qazlal
Ru
Sif Muna
Trog
Uskayaw
Vehumet
Wu Jian
Xom
Yredelemnul
Zin
The Shining One
Lugonu

Shops:
D:8 :   D:13 *   D:15 ((?   Orc:1 :[   Orc:2 =[*(   Elf:1 *=

Portals:
Abyss: Lair:5

Annotations:
D:3 2 transporters, hgbash's ghost, amateur DrSh
Lair:4 exclusion: 3 oklob plants
Swamp:1 Roxanne
Swamp:2 1 transporter, Nikola


Innate Abilities, Weirdness & Mutations

You are very small and have problems with some larger weapons.
You are too small for most types of armour.
You have supernaturally acute eyesight. (SInv)
You cover ground extremely quickly. (Speed+++)
You have sharp fingernails.
You are mostly covered in iridescent scales. (AC +4)
Your flesh is cold resistant. (rC+)


Message History

You block Nikola's attack.
You slice Nikola!! You freeze Nikola.
Nikola is severely wounded.
Nikola gestures wildly while chanting.
Nikola blinks!
You enter the shallow water.
Moving in this stuff is going to be slow.
Nikola yells, "Danger!
Danger!
High voltage!"
Nikola casts a spell at you. The bolt of lightning misses you.
You barely miss Nikola.
Nikola is severely wounded.
You block Nikola's attack.
You closely miss Nikola.
Nikola is severely wounded.
Nikola points at you and mumbles some strange words.
The bolt of lightning misses you.
The mangrove smoulders and burns.
You closely miss Nikola.
Nikola is severely wounded.
Nikola yells, "Danger!
Danger!
High voltage!"
Nikola mumbles some strange words.
Lightning arcs from Nikola's hands!
The bolt of lightning hits you!! You resist.
A bolt of lightning appears from out of thin air!
The bolt of lightning hits Nikola!
You hear a horrible gurgling sound! x2; You hear a bark!
You hit Nikola but do no damage.
Nikola is almost dead.
Nikola gestures wildly while chanting.
Lightning arcs from Nikola's hands!
The bolt of lightning hits you!!! You resist.
A bolt of lightning appears from out of thin air!
The bolt of lightning hits Nikola!
You feel better. You block Nikola's attack.
You slash Nikola! You freeze Nikola.
Nikola is almost dead.
Nikola mumbles some strange words.
Lightning arcs from Nikola's hands!
The bolt of lightning hits you!!! You resist.
You die...

..~~~..♣♣..~~...~...# ^#
#.#
~~.~~~♣♣♣.~~~~.~...##.##.#
..
~..~~~.♣~.~~..~§...#).....
.
...~~~.......♣♣....#.###..
...~~~~~~[♣♣♣♣♣~...###.##©#
~♣..^~~~.~♣ ♣♣~.........###
♣♣♣♣~...~♣♣ ♣.~..(.........
♣♣♣♣♣♣♣ ♣♣~@...........
♣..@♣.♣....~.~
♣♣...†...~..§.
♣♣..~.~..~..~
♣♣♣~.....~~..~.
♣......~~..~...
♣..~...~~.~♣~~~~
♣..♣.♣..§.♣§♣..~
♣...~♣♣♣♣.♣♣♣♣♣.. ♣~♣.♣♣
♣♣♣


You could see Nikola.

Vanquished Creatures
  2 deep elf master archers (Elf:3)
  Gastronok (D:10)
  Agnes (D:14)
  3 deep elf sorcerers (Elf:3)
  An orc warlord (Orc:2)
  2 deep elf elementalists (Elf:3)
  3 deep elf demonologists (Elf:3)
  Nessos (Orc:2)
  2 bunyips (Swamp:2)
  An eleionoma (Swamp:1)
  A minotaur (Lair:5)
  2 deep elf annihilators (Elf:3)
  7 deep elf death magi (Elf:3)
  Snorg (Lair:4)
  The ghost of Caciup the Basher, a journeyman GrFi of Jiyva (D:14)
  A shambling mangrove (Swamp:2)
  Erolcha (D:10)
  A deep elf high priest (Elf:3)
  4 hydras
  2 ogre magi
  Fannar (Orc:1)
  Erica (D:8)
  6 centaur warriors
  2 alligators
  33 dancing weapons
  4 two-headed ogres
  5 boulder beetles
  A death knight (D:14)
  2 tengu warriors (D:15)
  12 death yaks
  3 orc high priests
  A shock serpent (Snake:1)
  2 naga sharpshooters (Snake:1)
  21 deep elf knights
  Sonja (Lair:5)
  A large abomination (Abyss:4)
  6 thrashing horrors
  Amaemon (Lair:2)
  A sixfirhy (Abyss:4)
  A goliath frog (Swamp:1)
  2 skeletal warriors (D:13)
  A deep troll (D:15)
  A glowing orange brain (shapeshifter) (D:15)
  5 bog bodies
  10 deep elf archers
  2 swamp dragons
  A wizard (D:15)
  4 orc knights
  3 orc sorcerers (Orc:2)
  2 will-o-the-wisps (Swamp:1)
  A lindwurm (shapeshifter) (D:15)
  30 deep elf pyromancers
  38 deep elf zephyrmancers
  An oklob plant (Lair:4)
  4 cyclopes
  12 ugly things
  7 manticores
  21 elephants
  2 smoke demons
  6 black mambas
  An apocalypse crab (Abyss:4)
  An orange demon (Lair:2)
  2 gargoyles
  2 torpor snails
  Psyche (D:10)
  An unseen horror (shapeshifter) (D:11)
  An unseen horror (D:10)
  15 cane toads
  5 yaktaurs (D:14)
  A freezing wraith (D:15)
  An efreet (D:14)
  8 komodo dragons
  2 rime drakes
  A queen bee (shapeshifter) (Lair:5)
  10 trolls
  4 tengu conjurers
  6 meliai
  2 hornets
  3 tyrant leeches
  2 polar bears (Lair:4)
  A raiju (Lair:5)
  A tarantella (shapeshifter) (D:15)
  A dream sheep (Lair:4)
  28 blink frogs
  6 wraiths
  A spriggan (Swamp:1)
  A shadow (D:11)
  3 air elementals
  A ynoxinul (Lair:5)
  3 fire bats (Lair:1)
  2 water elementals
  2 wyverns
  3 hogs (D:14)
  35 yaks
  2 fire elementals
  6 basilisks
  4 chaos spawn (Lair:5)
  9 vampire mosquitoes
  A steam dragon (D:8)
  10 nagas
  4 wargs
  3 swamp worms
  2 acid dragons (D:12)
  An acid dragon (shapeshifter) (D:13)
  18 water moccasins
  Duvessa (D:7)
  21 orc warriors
  A swamp drake (Swamp:1)
  2 sky beasts
  2 black bears
  6 centaurs
  11 ogres
  A boggart (D:14)
  15 wolves
  2 phantoms
  4 kobold brigands
  12 bullfrogs
  A gnoll sergeant (D:8)
  3 earth elementals (Elf:1)
  A scorpion (D:5)
  13 small abominations (Lair:5)
  19 wights
  Dowan (D:7)
  19 killer bees
  5 howler monkeys
  2 electric eels (D:7)
  6 hounds
  Crazy Yiuf (D:3)
  24 orc priests
  A jelly (D:6)
  5 iguanas
  A gnoll bouda (D:4)
  A sleepcap (D:4)
  23 orc wizards
  A hell rat (Lair:4)
  A mummy (D:9)
  12 gnolls
  10 adders
  A shadow imp (D:6)
  2 white imps
  2 ufetubi
  6 dart slugs
  95 orcs
  8 bats
  9 endoplasms
  6 giant cockroaches
  3 goblins
  4 hobgoblins
  33 kobolds
  4 quokkas
  9 ball pythons
  5 frilled lizards
  7 rats
935 creatures vanquished.

Vanquished Creatures (collateral kills)
  Bai Suzhen (Elf:3)
  Kirke (D:14)
  2 deep elf sorcerers (Elf:3)
  2 deep elf elementalists (Elf:3)
  2 deep elf demonologists (Elf:3)
  The ghost of Notrus the Fighter, a journeyman DsRe of Hepliaklqana (Lair:5)
  3 deep elf annihilators (Elf:3)
  A hydra (D:14)
  4 dancing weapons
  A deep elf knight (Elf:3)
  2 skeletal warriors (D:13)
  A deep elf archer (Elf:3)
  An orc knight (Orc:2)
  2 deep elf zephyrmancers
  A gargoyle (D:11)
  4 slime creatures (D:13)
  2 yaks (Lair:2)
  A ynoxinul (Lair:5)
  Grum (D:9)
  A chaos spawn (Elf:3)
  A warg (Orc:2)
  An acid dragon (D:6)
  2 water moccasins (Lair:4)
  2 orc warriors (Orc:2)
  An ice beast (D:6)
  An ogre (Orc:2)
  A bullfrog (Lair:4)
  A wight (D:9)
  2 killer bees (D:8)
  A hound (D:6)
  An orc priest (Orc:2)
  2 iguanas (D:6)
  2 orcs (Orc:2)
52 creatures vanquished.

Vanquished Creatures (others)
  A deep elf knight (Elf:1)
  A wizard (D:15)
  A bloated husk (Swamp:2)
  A fire elemental (Elf:3)
  An orc wizard (Orc:2)
  10 foxfires (Swamp:1)
  4 starspawn tentacles
19 creatures vanquished.

Grand Total: 1006 creatures vanquished

Notes
Turn   | Place    | Note
-------+----------+-------------------------------------------
     0 | D:1      | Bravepunisher the Spriggan Monk began the quest for the
                  | Orb.
     0 | D:1      | Reached XP level 1. HP: 11/11 MP: 2/2
    89 | D:3      | Found a radiant altar of Vehumet.
   157 | D:3      | Found a runed translucent door.
   158 | D:3      | Noticed Crazy Yiuf
   192 | D:3      | Found a transporter.
   194 | D:3      | Found a transporter.
   194 | D:3      | Noticed hgbash's ghost (amateur DrSh)
   199 | D:3      | Noticed a scorpion
   262 | D:4      | Found a glowing golden altar of the Shining One.
   264 | D:4      | Found a shimmering altar of Xom.
   267 | D:4      | Found a basalt altar of Yredelemnul.
   267 | D:4      | Found an opulent altar of Gozag.
   267 | D:4      | Noticed a gnoll bouda
   268 | D:4      | Noticed a howler monkey
   279 | D:4      | Reached XP level 2. HP: 9/16 MP: 3/3
   299 | D:4      | Found a staircase to the Ecumenical Temple.
   308 | Temple   | Entered the Ecumenical Temple
   313 | Temple   | Became a worshipper of Makhleb the Destroyer
   313 | Temple   | Reached * piety under Makhleb
   313 | Temple   | Reached ** piety under Makhleb
   618 | D:3      | Reached skill level 1 in Invocations
   618 | D:3      | Reached XP level 3. HP: 18/20 MP: 4/4
   936 | D:3      | Found a glowing drain.
   946 | D:3      | Reached XP level 4. HP: 19/24 MP: 5/5
   956 | Sewer    | Entered a sewer
  1001 | Sewer    | Noticed a kobold brigand
  1013 | Sewer    | Killed a kobold brigand
  1014 | Sewer    | Reached skill level 5 in Dodging
  1014 | Sewer    | Reached XP level 5. HP: 24/29 MP: 5/7
  1318 | Sewer    | Reached *** piety under Makhleb
  3243 | D:3      | Killed Crazy Yiuf
  3375 | D:4      | Found a blossoming altar of Fedhas.
  3380 | D:4      | Noticed a phantom
  3394 | D:4      | Killed a phantom
  3395 | D:4      | Reached XP level 6. HP: 34/34 MP: 7/9
  3470 | D:4      | Found a stormy altar of Qazlal.
  3530 | D:4      | Reached skill level 6 in Dodging
  3541 | D:4      | Reached **** piety under Makhleb
  3641 | D:4      | Reached skill level 5 in Fighting
  3647 | D:4      | Reached XP level 7. HP: 27/39 MP: 10/10
  3982 | D:4      | Found a broken altar of Ashenzari.
  4326 | D:5      | Entered Level 5 of the Dungeon
  4373 | D:5      | Reached skill level 7 in Dodging
  4468 | D:5      | Reached XP level 8. HP: 41/44 MP: 12/12
  5287 | D:6      | Reached skill level 8 in Dodging
  5354 | D:6      | Reached skill level 5 in Invocations
  5369 | D:6      | Identified the +6 chain mail "Udatext" {rC+ Str+4 Int+3}
  5395 | D:6      | Found a hazy altar of Hepliaklqana.
  5395 | D:6      | Found a shimmering blue altar of Sif Muna.
  5425 | D:6      | Found a glowing silver altar of Zin.
  5427 | D:6      | Found a white marble altar of Elyvilon.
  5428 | D:6      | Found a sacrificial altar of Ru.
  5516 | D:6      | Reached XP level 9. HP: 38/50 MP: 14/14
  6356 | D:7      | Reached skill level 9 in Dodging
  6413 | D:7      | Reached ***** piety under Makhleb
  6491 | D:7      | Noticed Dowan
  6495 | D:7      | Noticed Duvessa
  6498 | D:7      | Killed Dowan
  6833 | D:8      | Found a flagged portal.
  6839 | Bailey   | Entered a bailey
  6978 | D:8      | You fall into a shaft and drop 3 floors!
  6989 | D:11     | Identified the ring of Kezuhail {rPois Will++ Int-5}
  7152 | D:11     | Noticed a troll
  7197 | D:11     | Killed a troll
  7274 | D:11     | Noticed a gargoyle
  7280 | D:11     | Upgraded the game from 0.31-a0-750-gfe7b580527 to
                  | 0.31-a0-765-g67fe2935dc
  7306 | D:11     | Killed a gargoyle
  7307 | D:11     | Reached skill level 10 in Dodging
  7361 | D:11     | Found a staircase to the Orcish Mines.
  7361 | D:11     | Noticed an orc knight
  7418 | D:11     | Killed an orc knight
  7419 | D:11     | Reached XP level 10. HP: 58/58 MP: 16/16
  7478 | D:10     | Entered Level 10 of the Dungeon
  7487 | D:10     | Found a hide-covered altar of Uskayaw.
  7644 | D:10     | Noticed Gastronok
  7694 | D:10     | Found a staircase to the Lair.
  7891 | D:9      | Found a snail-covered altar of Cheibriados.
  8081 | D:9      | Noticed a cyclops
  8096 | D:9      | Killed a cyclops
  8097 | D:9      | Reached skill level 1 in Axes
  8097 | D:9      | Reached skill level 11 in Dodging
  8130 | D:8      | Found Ureamepn's Book Boutique.
  8199 | D:7      | Found an ornate altar of the Wu Jian Council.
  8223 | D:7      | Found the brooch of Shielding {Spirit SH+8}
  8230 | D:7      | Reached skill level 1 in Shields
  8303 | D:7      | Killed Duvessa
  8860 | D:8      | Reached skill level 10 in Fighting
  9229 | D:8      | Noticed Erica
  9244 | D:8      | Killed Erica
  9414 | D:9      | Reached XP level 11. HP: 63/63 MP: 18/18
  9573 | D:9      | Noticed Grum
  9593 | D:9      | Killed Grum
 10033 | D:10     | Killed Gastronok
 10293 | D:10     | Noticed Erolcha
 10424 | D:10     | Killed Erolcha
 10425 | D:10     | Reached skill level 12 in Dodging
 10475 | D:10     | Noticed Psyche
 10499 | D:10     | Killed Psyche
 10553 | D:11     | Noticed a boulder beetle
 10553 | D:11     | Noticed a boulder beetle
 10712 | D:11     | Killed a boulder beetle
 10716 | D:11     | Noticed a two-headed ogre
 10728 | D:11     | Killed a two-headed ogre
 10903 | Lair:1   | Entered Level 1 of the Lair of Beasts
 11175 | Lair:1   | Gained mutation: Your flesh is cold resistant. (rC+)
                  | [potion of mutation]
 11175 | Lair:1   | Gained mutation: You have sharp fingernails. [potion of
                  | mutation]
 11175 | Lair:1   | Gained mutation: You are partially covered in iridescent
                  | scales. (AC +2) [potion of mutation]
 11175 | Lair:1   | Gained mutation: You are mostly covered in iridescent
                  | scales. (AC +4) [potion of mutation]
 11177 | Lair:1   | Noticed a death yak
 11179 | Lair:1   | Noticed a death yak
 11181 | Lair:1   | Noticed a death yak
 11182 | Lair:1   | Noticed a death yak
 11184 | Lair:1   | Noticed a death yak
 11216 | Lair:1   | Killed a death yak
 11217 | Lair:1   | Reached XP level 12. HP: 70/70 MP: 19/19
 11227 | Lair:1   | Killed a death yak
 11233 | Lair:1   | Killed a death yak
 11267 | Lair:1   | Noticed a death yak
 11307 | Lair:1   | Killed a death yak
 11318 | Lair:1   | Killed a death yak
 11319 | Lair:1   | Reached skill level 13 in Dodging
 11338 | Lair:1   | Killed a death yak
 11347 | Lair:1   | Reached skill level 5 in Axes
 12171 | Lair:2   | Noticed a five-headed hydra
 12255 | Lair:1   | Killed a five-headed hydra
 12369 | Lair:2   | Reached skill level 10 in Invocations
 12643 | Lair:2   | Reached ****** piety under Makhleb
 12644 | Lair:2   | Reached XP level 13. HP: 75/75 MP: 21/21
 12649 | Lair:2   | Found a staircase to the Snake Pit.
 12839 | Lair:2   | Reached skill level 1 in Armour
 12939 | Lair:2   | Noticed Amaemon
 12963 | Lair:2   | Killed Amaemon
 12970 | Lair:2   | Reached skill level 14 in Dodging
 13655 | Lair:3   | Found a staircase to the Swamp.
 14377 | Lair:4   | Noticed Snorg
 14800 | Lair:4   | Reached XP level 14. HP: 81/81 MP: 23/23
 14966 | Lair:4   | Killed Snorg
 15089 | Lair:4   | Reached skill level 15 in Dodging
 15173 | Lair:4   | Found a staircase to the Slime Pits.
 15363 | Lair:5   | Entered Level 5 of the Lair of Beasts
 15457 | Lair:5   | Noticed Sonja
 15468 | Lair:5   | Found a runed translucent gate.
 15468 | Lair:5   | Found a runed translucent gate.
 15468 | Lair:5   | Found a runed translucent gate.
 15481 | Lair:5   | Killed Sonja
 16738 | Lair:5   | Found a corrupted altar of Lugonu.
 16738 | Lair:5   | Found a one-way gate to the infinite horrors of the Abyss.
 16854 | Lair:5   | Noticed Notrus's ghost (journeyman DsRe)
 16937 | Lair:5   | Killed Notrus's ghost
 16976 | Lair:5   | Identified a scroll of acquirement
 16976 | Lair:5   | Acquired 1161 gold pieces
 17362 | D:11     | Reached skill level 10 in Axes
 17729 | Orc:1    | Entered Level 1 of the Orcish Mines
 17763 | Orc:1    | Noticed Fannar
 17778 | Orc:1    | Found Dihos's Vocational Training.
 17783 | Orc:1    | Killed Fannar
 17946 | Orc:1    | Bought a manual of Invocations for 880 gold pieces
 17965 | Orc:1    | Found Viameh's Antique Armour Shop.
 18093 | Orc:2    | Entered Level 2 of the Orcish Mines
 18435 | Orc:2    | Noticed an orc warlord
 18506 | Orc:2    | Noticed Nessos
 18840 | Orc:2    | Reached skill level 5 in Armour
 18869 | Orc:2    | Reached XP level 15. HP: 86/86 MP: 22/25
 18889 | Orc:2    | Found Ychao's Jewellery Shoppe.
 18961 | Orc:2    | Found a staircase to the Elven Halls.
 19060 | Orc:2    | Found Mumnen's General Store.
 19066 | Orc:2    | Bought a scroll of enchant armour for 90 gold pieces
 19207 | Orc:2    | Found Miotto's Antique Weapon Shoppe.
 19222 | Orc:2    | Found Jufo's Antique Armour Shoppe.
 19291 | Orc:2    | Killed Nessos
 19531 | Elf:1    | Entered Level 1 of the Elven Halls
 19986 | D:12     | Reached skill level 16 in Dodging
 20579 | D:12     | Found a flickering gateway to a bazaar.
 20584 | Bazaar   | Entered a bazaar
 20584 | Bazaar   | Found Fetoh's General Store.
 20584 | Bazaar   | Found Bireolak's Jewellery Shoppe.
 20603 | Bazaar   | Found Qovuthie's Antique Weapon Boutique.
 20614 | Bazaar   | Found Zelyofro's Antique Armour Emporium.
 20621 | Bazaar   | Found Himihog's Magic Scroll Emporium.
 20670 | Bazaar   | Bought a steaming short sword for 216 gold pieces
 20670 | Bazaar   | Identified the +11 short sword of Losufesk {flame, rPois
                  | Str+7 Stlth-} (You bought it in a shop in a bazaar)
 20670 | Bazaar   | Bought a smoking whip for 202 gold pieces
 20670 | Bazaar   | Identified the +10 whip "Fiuh" {heavy, Dex+2} (You bought
                  | it in a shop in a bazaar)
 21203 | D:13     | Found Esaj Kej's Elemental Accessories.
 21688 | D:14     | Found a runed translucent door.
 21690 | D:14     | Noticed Caciup's ghost (journeyman GrFi)
 21901 | D:14     | Noticed Kirke
 21923 | D:14     | Killed Kirke
 22040 | D:14     | Found a gate to the Vaults.
 22225 | D:14     | Noticed Agnes
 22237 | D:14     | Killed Agnes
 22661 | D:14     | Reached skill level 5 in Short Blades
 22714 | D:14     | Killed Caciup's ghost
 23076 | D:15     | Entered Level 15 of the Dungeon
 23149 | D:15     | Found Nusik's Antique Weapon Emporium.
 23181 | D:15     | Found Isoepang's Magic Scroll Emporium.
 23189 | D:15     | Bought a scroll of teleportation for 36 gold pieces
 23385 | D:15     | Found Sicasm's Weapon Shop.
 23496 | D:15     | Found a staircase to the Depths.
 23507 | Abyss:2  | Cast into level 2 of the Abyss (a wizard)
 23508 | Abyss:2  | Found a corrupted altar of Lugonu.
 23515 | Abyss:2  | Found a corrupted altar of Lugonu.
 23556 | Abyss:2  | Noticed a tentacled starspawn
 23813 | Abyss:4  | Noticed a bone dragon
 23837 | Abyss:4  | Noticed a tentacled starspawn
 23923 | D:15     | Escaped the Abyss
 24102 | D:15     | Reached XP level 16. HP: 91/92 MP: 26/28
 24112 | D:15     | Reached skill level 15 in Invocations
 24421 | Depths:1 | Entered Level 1 of the Depths
 24730 | Snake:1  | Entered Level 1 of the Snake Pit
 24747 | Snake:1  | Reached skill level 17 in Dodging
 24812 | Swamp:1  | Entered Level 1 of the Swamp
 25691 | Elf:1    | Found Qionut's Jewellery Emporium.
 25897 | Elf:1    | Found Ivvee's Assorted Antiques.
 26051 | Elf:1    | Bought a runed cloak for 172 gold pieces
 26051 | Elf:1    | Bought a red potion for 20 gold pieces
 26051 | Elf:1    | Bought a potion of heal wounds for 115 gold pieces
 26051 | Elf:1    | Bought a potion of heal wounds for 115 gold pieces
 26051 | Elf:1    | Bought a scroll of blinking for 172 gold pieces
 26775 | Abyss:5  | Cast into level 5 of the Abyss (+3 long sword of
                  | distortion)
 26851 | Abyss:5  | Found a corrupted altar of Lugonu.
 26894 | Abyss:5  | Noticed a Hell Sentinel
 26909 | Abyss:6  | Noticed a tentacled starspawn
 26912 | Elf:1    | Escaped the Abyss
 27762 | Elf:2    | Paralysed by an air elemental for 1 turns
 28298 | Elf:2    | Reached skill level 18 in Dodging
 28319 | Elf:2    | Reached XP level 17. HP: 46/98 MP: 8/30
 28712 | Elf:2    | Found a runed translucent gate.
 28712 | Elf:2    | Found a runed translucent gate.
 28712 | Elf:2    | Found a runed translucent gate.
 30186 | Elf:3    | Entered Level 3 of the Elven Halls
 31311 | Elf:3    | Reached skill level 15 in Fighting
 31338 | Elf:3    | Reached skill level 19 in Dodging
 31365 | Elf:3    | Noticed Bai Suzhen
 31377 | Elf:3    | Killed Bai Suzhen
 31430 | Elf:3    | Noticed a deep elf master archer
 31446 | Elf:3    | Identified the ring "Baij" {rF+ Will+}
 31452 | Elf:3    | Killed a deep elf master archer
 31778 | Elf:3    | Identified the +2 morningstar "Jydikk" {freeze, SInv}
 31925 | Elf:3    | Noticed a Tzitzimitl
 31930 | Elf:3    | Noticed a Brimstone Fiend
 32094 | Elf:3    | Noticed a deep elf master archer
 32102 | Abyss:6  | Cast into level 6 of the Abyss (a deep elf demonologist)
 32108 | Abyss:6  | Noticed a tentacled monstrosity
 32124 | Elf:3    | Escaped the Abyss
 32390 | Elf:3    | Reached XP level 18. HP: 83/91 MP: 27/32
 32681 | Elf:3    | Identified the +4 battleaxe of Poc Cilu {pain, rF+}
 32746 | Elf:3    | Got Ryeqosile's Compilation of the Frostbound Jaunt
 32753 | Elf:3    | Identified the +2 hand axe of the Several Nightmares
                  | {heavy, rF+ Str+5 Int-5}
 32759 | Elf:3    | Identified the +0 spear "Nuunko" {heavy, MP+9 Int+3 Dex+3}
 32786 | Elf:3    | Identified the staff "Bedduurr" {Contam rF+ rC+ Str+2 Fire}
 32787 | Elf:3    | Identified the +0 cloak "Ibaatwu" {Fly rF+ Will+ Str-5}
 32797 | Elf:3    | Identified the staff "Huodudiw" {rC+ rN+ Ice}
 33392 | Swamp:1  | Noticed Roxanne
 33606 | Swamp:1  | Found a glowing silver altar of Zin.
 34546 | Swamp:2  | Found a transporter.
 34569 | Swamp:2  | Noticed a tentacled monstrosity
 34627 | Swamp:2  | Noticed Nikola
 34666 | Swamp:2  | Killed from afar by Nikola

Illustrated notes

Levels and vault maps discovered:
D:1:      roderic_chinese_lattice_arrival, layout_basic, minmay_pentomino_o4
D:2:      layout_loops_ring
D:3:      layout_loops_ring, mainiacjoe_overflow_catwalk, gammafunk_ghost_arena,
          portal_sewer_entry_f, minmay_hedge_maze, uniq_crazy_yiuf_cottage
D:4:      layout_loops_ring, mainiacjoe_overflow_small_starburst,
          mainiacjoe_overflow_boulevard, nicolae_overflow_hallway_of_the_gods,
          minmay_temple_entry_gardened_gates
D:5:      layout_basic
D:6:      hangedman_cross_stitches, layout_loops_corners,
          grunt_temple_overflow_open, due_unseen_surprise
D:7:      layout_basic, pdpol_wu_jian_five_deadly_venoms, chequers_big_river,
          nicolae_figureground_pulse, uniq_duvessa
D:8:      layout_loops_cross, serial_shops, shop_statue, enter_bailey_2,
          uniq_erica
D:9:      layout_loops_ring, slow_altar_2, uniq_grum
D:10:     layout_basic, nicolae_uskayaw_murder_on_the_dancefloor,
          lair_entry_dummy, uniq_psyche, uniq_erolcha, uniq_gastronok
D:11:     layout_loops_ring, david_orc_5, kennysheep_generic_room_5
D:12:     layout_loops_ring, serial_shops, bzr_entry_road
D:13:     layout_gridville, nicolae_elemental_shop
D:14:     layout_stronghold, hangedman_vaults_entry_quadrant_bands,
          nicolae_two_hexagons, gammafunk_ghost_grave, uniq_kirke, uniq_agnes
D:15:     hangedman_depths_entry_civil_slaughter, layout_basic, serial_shops,
          shop, shop, nicolae_square_shop, nicolae_twisty_statue_hallways
Temple:   hellmonk_temple_micro_hex
Lair:1:   layout_regular_city, nicolae_volcano_entry_batcave, grunt_megastairs_4
Lair:2:   layout_cave_pods, minmay_snake_entry_guardpost_large,
          grunt_megastairs_1, infiniplex_staircase_pool_2, uniq_amaemon
Lair:3:   layout_chaotic_city, skrybe_swamp_entry_bodies
Lair:4:   nzn_winding_woodlands_stair_trap [nzn_winding_woodlands_5x15_default,
          nzn_winding_woodlands_5x15_zeroes, nzn_winding_woodlands_5x15_twine,
          nzn_winding_woodlands_15x15_five_gardens,
          nzn_winding_woodlands_5x15_cabin, nzn_winding_woodlands_5x15_garden,
          nzn_winding_woodlands_5x15_concentric], layout_big_grid,
          minmay_slime_entry_oklob_enclosed, uniq_snorg
Lair:5:   hellmonk_lair_end_abyssal_woods, layout_cave_shapes,
          maelrawn_ghost_gauntlet_escape, nicolae_quartered_pool_super,
          infiniplex_staircase_pool, uniq_sonja
Swamp:1:  layout_basic_swamp, basic_altar, uniq_roxanne
Swamp:2:  layout_basic_swamp, gammafunk_ghost_abyssal_escape,
          hangedman_swamp_pad, swamp_pool1, uniq_nikola
Snake:1:  layout_layer_cave, st_stairs_2, minmay_shoptagon, uniq_azrael
Orc:1:    layout_diamond_mine, serial_shops, shop, nicolae_shop_vocational,
          uniq_fannar
Orc:2:    grunt_orc_cross, layout_caves, uniq_nessos
Elf:1:    minmay_elf_arrival_summoners, layout_geoelf_grid, serial_shops,
          nicolae_diamond_shop, shop, hangedman_elven_crosses_minicolossus
Elf:2:    elven_hall_of_blades_hangedman_original [nicolae_blade_little_rooms],
          layout_geoelf_diagonals, minivault_24
Elf:3:    minmay_elf_hall_statues, layout_geoelf_castle, uniq_bai_suzhen
Depths:1: layout_twisted_cross, solitary_fountain, hell_entry,
          minmay_door_square, kennysheep_cross_room, grunt_tough_drop,
          uniq_asterion

Skill      XL: |  1  2  3  4  5  6  7  8  9 10 11 12 13 14 15 16 17 |
---------------+----------------------------------------------------+-----
Fighting       | 3 4 5 6 7 9 10 11 12 13 14 15 | 15.7
Invocations    | 1 2 3 4 5 7 8 9 10 11 12 14 17 18 | 18.9
Dodging        | 5 6 7 8 10 11 12 13 14 15 16 18 19 | 19.4
Axes           | 2 4 6 8 10 11 12 | 12.2
Shields        | 2 3 4 |  4.2
Armour         | 3 5 6 |  6.6
Short Blades   | 5 6 |  6.8

Action                     |  1- 3 |  4- 6 |  7- 9 | 10-12 | 13-15 | 16-18 || total
---------------------------+-------+-------+-------+-------+-------+-------++-------
  Melee: Short sword       |    45 |       |       |       |    45 |    78 ||   168
         Hand axe          |       |    20 |     3 |       |       |       ||    23
         Dagger            |       |       |   117 |    15 |       |       ||   132
         Punch             |       |       |     1 |       |       |       ||     1
         War axe           |       |       |       |   575 |  1522 |  1128 ||  3225
         Unarmed           |       |       |       |       |     3 |       ||     3
 Invoke: Minor Destruction |    34 |   139 |   244 |   294 |   287 |   129 ||  1127
         Lesser Servant of |       |       |     4 |    10 |    15 |    18 ||    47
         Major Destruction |       |       |       |     1 |     2 |       ||     3
         Greater Servant o |       |       |       |       |       |     6 ||     6
  Evoke: Wand              |       |       |     2 |    12 |     6 |       ||    20
    Use: Scroll            |     1 |       |       |    21 |    11 |     6 ||    39
         Potion            |       |       |     6 |     4 |     3 |    11 ||    24
   Stab: Distracted        |       |       |       |     2 |    16 |     8 ||    26
         Sleeping          |       |       |       |     2 |     6 |     5 ||    13
         Petrifying        |       |       |       |       |     3 |       ||     3
         Petrified         |       |       |       |       |     1 |       ||     1
         Invisible         |       |       |       |       |       |     4 ||     4
 Armour: Robe              |    14 |    12 |    36 |       |       |       ||    62
         Troll leather arm |       |       |     1 |    26 |       |       ||    27
         Steam dragon scal |       |       |       |    94 |   238 |   188 ||   520
         Storm dragon scal |       |       |       |       |       |    87 ||    87
  Dodge: Dodged            |    45 |    41 |   145 |   470 |  1124 |   715 ||  2540
  Block: Buckler           |       |       |       |   525 |  1303 |   773 ||  2601
         Other             |       |       |       |       |     1 |       ||     1

Table legend: (Time is in decaauts)
 A = Elapsed time spent in this place.
 B = Non-inter-level travel time spent in this place.
 C = Inter-level travel time spent in this place.
 D = Time resting spent in this place.
 E = Time spent auto-exploring this place.
 F = Levels seen in this place.
 G = Mean time per level.
                   A        B        C        D        E       F      G
               +--------+--------+--------+--------+--------+-----+--------+
         Total |  26382 |  24591 |   1791 |   2687 |  13154 |  40 |  659.5 |
       Dungeon |  11150 |  10224 |    926 |    384 |   6477 |  15 |  743.3 |
        Temple |     28 |     28 |      0 |     21 |      0 |   1 |   28.0 |
          Lair |   5507 |   4956 |    551 |    479 |   2221 |   5 | 1101.4 |
         Swamp |   1179 |   1161 |     18 |    334 |    488 |   2 |  589.5 |
     Snake Pit |     36 |     33 |      3 |      0 |      0 |   1 |   36.0 |
  Orcish Mines |   1615 |   1514 |    101 |    323 |    688 |   2 |  807.5 |
   Elven Halls |   5949 |   5777 |    172 |   1024 |   3014 |   3 | 1983.0 |
        Depths |     58 |     41 |     17 |      0 |     34 |   1 |   58.0 |
         Abyss |    395 |    395 |      0 |     44 |      6 |   7 |   56.4 |
        Bazaar |     65 |     65 |      0 |      0 |     28 |   1 |   65.0 |
         Sewer |    383 |    383 |      0 |     76 |    187 |   1 |  383.0 |
        Bailey |     12 |     12 |      0 |      0 |      5 |   1 |   12.0 |
               +--------+--------+--------+--------+--------+-----+--------+

Top non-repeatable levels by time:
   Elf:2: 2313 daAuts
   Elf:3: 1951 daAuts
   Elf:1: 1685 daAuts
  Lair:5: 1365 daAuts
  Lair:1: 1281 daAuts
    D:14: 1219 daAuts
   Orc:2: 1128 daAuts
    D:11: 1077 daAuts
  Lair:3: 1031 daAuts
  Lair:2: 958 daAuts
  Lair:4: 870 daAuts
     D:6: 796 daAuts
    D:10: 783 daAuts
     D:4: 778 daAuts
     D:8: 767 daAuts
